 Dungeon Crawl Stone Soup version 0.30.0-5-g1a98f26d00 (webtiles) character file.

Game seed: 1282998868141933736

648 Jackthecabe the Digger (level 8, 0/66 HPs)
             Began as a Meteoran Earth Elementalist on May 10, 2023.
             Was an Initiate of Sif Muna.
             Slain by a sleepcap (5 damage)
             ... on level 5 of the Dungeon.
             The game lasted 00:09:07 (1102 turns).

Jackthecabe the Digger (MeEE)                       Turns: 1102, Time: 00:09:08

Health: 0/66       AC:  2    Str:  9    XL:     8   Next: 9%
Magic:  1/15       EV: 12    Int: 19    God:    Sif Muna [......]
Gold:   104        SH:  0    Dex: 15    Spells: 11/15 levels left

rFire   . . .        o - +1 dagger (protect)
rCold   . . .        (no shield)
rNeg    . . .        a - +0 robe
rPois   .            (no helmet)
rElec   .            (no cloak)
rCorr   .            (no gloves)
SInv    .            (no boots)
Will    +....        (no amulet)
Stlth   +            (no ring)
HPRegen 0.31/turn    (no ring)
MPRegen 0.14/turn

%: no passive effects
@: glowing
A: sense surroundings 1, otherworldly, glowing, explore regen
a: Renounce Religion


You were on level 5 of the Dungeon.
You worshipped Sif Muna.
Sif Muna was noncommittal.
You visited 2 branches of the dungeon, and saw 7 of its levels.

You collected 104 gold pieces.


Innate Abilities, Weirdness & Mutations

You passively map a small area around you.
You are easily found by Zot.
You glow in the dark.
You regain HP and MP as you explore.


   Skills:
 + Level 3.9 Fighting
 - Level 2.4 Dodging
 - Level 1.4 Stealth
 - Level 4.0 Spellcasting
 - Level 6.0 Conjurations
 - Level 1.2 Transmutations
 - Level 6.0 Earth Magic


You had 11 spell levels left.
You knew the following spells:

 Your Spells              Type           Power      Damage    Failure   Level
w - Stone Arrow           Conj/Erth      52%        3d10      3%          3
z - Sandblast             Erth           52%        2d12      1%          1

Your spell library contained the following spells:

 Spells                   Type           Power      Damage    Failure   Level
 Passwall                 Tmut/Erth      14%        N/A       4%          2
 Summon Small Mammal      Summ           12%        N/A       14%         1
 Cigotuvi's Dreadful Rot  Necr/Pois/Air  6%         N/A       21%         2
 Petrify                  Tmut/Erth      17%        N/A       30%         4
 Ignite Poison            Fire/Tmut/Pois 5%         N/A       34%         3
 Call Canine Familiar     Summ           3%         N/A       38%         3
 Summon Guardian Golem    Hex/Summ       3%         N/A       38%         3
 Freezing Cloud           Conj/Ice/Air   5%         6-21      86%         5

Inventory:

Hand Weapons
 n - a +2 hand axe of flaming
 o - a +1 dagger of protection (weapon)
Missiles
 d - 5 poisoned darts
Armour
 a - a +0 robe (worn)
Wands
 q - a wand of roots (4)
Scrolls
 c - 3 scrolls of identify {unknown}
 i - 2 scrolls of blinking {unknown}
 j - a scroll of torment {unknown}
 k - a scroll of vulnerability {unknown}
 m - a scroll of fear {unknown}
 p - 2 scrolls of teleportation {unknown}
Potions
 b - a potion of magic
 e - a potion of attraction {unknown}
 f - a potion of haste {unknown}
 g - 2 potions of lignification {unknown}
 h - a potion of ambrosia {unknown}
 l - a potion of brilliance {unknown}
 r - a potion of curing {unknown}
 s - a potion of might {unknown}
 t - a potion of cancellation {unknown}

Dungeon Overview and Level Annotations

Branches:
Dungeon (6/15) Zot: 2517   Temple (1/1) D:4 Zot: 551

Altars:
Cheibriados
Fedhas
Hepliaklqana
Sif Muna
Uskayaw
Vehumet
Wu Jian
Yredelemnul

Annotations:
D:6 3 runed translucent doors

#.###.#..#####** * *
, , #.###.#... , *
#..# #* ***
######.##░########
...........|......#
,..▓▓▓▓....░†).▓▓..#
, ▓....▓...▓ * , * *
░.S..▓▓.f▓▓▓.# * * ,
,f....▓▓▓.@....# ,
.c░...▓ ▓▓.....#
*,...▓...▓ ▓▓▓...#
.. ▓..▓▓ ▓░.░* * ,
*** .# , , , ,* * *
, , * ,, , , * , **
, , * *


You could see a sleepcap.


Message History

The centaur kicks you.
* * * LOW HITPOINT WARNING * * *
The centaur hits you.
* * * LOW HITPOINT WARNING * * *
The centaur kicks you.
* * * LOW HITPOINT WARNING * * *
Casting: Stone Arrow (dangerous; 3% risk of failure)
Confirm with . or Enter, or press ? or * to list all spells.
Aiming: Stone Arrow (dangerous; 3% risk of failure)
Press: ? - help, Shift-Dir - straight line, f/p - centaur
Aim: a centaur (almost dead, 83% to hit)
The stone arrow misses the centaur.
The sleepcap barely misses you. The centaur hits you.
* * * LOW HITPOINT WARNING * * *
The centaur misses you.
Casting: Stone Arrow (dangerous; 3% risk of failure)
Confirm with . or Enter, or press ? or * to list all spells.
Aiming: Sandblast (safe; 1% risk of failure)
Press: ? - help, Shift-Dir - straight line, f/p - centaur
Aim: a centaur (almost dead, 90% to hit)
The blast of sand hits the centaur!
You kill the centaur!
Sif Muna accepts your kill. The sleepcap barely misses you.
The sleepcap completely misses you.
Your magical contamination has completely faded away.
You have reached level 8!
The sleepcap attacks as you move away! The sleepcap releases spores at you!
* * * LOW HITPOINT WARNING * * *
The sleepcap attacks as you move away! The sleepcap releases spores at you.
You die...

Skill      XL: |  1  2  3  4  5  6  7 |
---------------+----------------------+-----
Spellcasting   | 3 4 |  4.0
Earth Magic    | 5 6 |  6.0
Conjurations   | 1 4 5 6 |  6.0
Fighting       | 3 |  3.9
Dodging        | |  2.4
Stealth        | |  1.4
Transmutations | |  1.2

Action                     |  1- 3 |  4- 6 |  7- 9 || total
---------------------------+-------+-------+-------++-------
  Melee: Dagger            |       |     1 |     1 ||     2
   Cast: Sandblast         |    10 |    44 |     8 ||    62
         Stone Arrow       |       |     6 |    13 ||    19
 Armour: Robe              |     3 |     4 |     8 ||    15
  Dodge: Dodged            |     6 |     8 |    13 ||    27

Levels and vault maps discovered:
D:1:      heliophobic_arrival_henge, layout_loops_ring
D:2:      kb_forest_paths, layout_loops_ring, chequers_ecumenical_altar_grove,
          minmay_vboxes, uniq_jessica
D:3:      layout_basic, nicolae_uskayaw_murder_on_the_dancefloor, uniq_natasha,
          uniq_crazy_yiuf_cottage, uniq_grinder
D:4:      layout_loops_corners, elyvilon_altar_4, kennysheep_okawaru_gauntlet,
          temple_pool_b
D:5:      minmay_recursive_quarters, layout_loops_ring, st_stairs_1
D:6:      layout_loops_ring, nicolae_tso_besieged_by_evil,
          gammafunk_ghost_necromancy, serial_bayou_pond_d
Temple:   nicolae_temple_ecumenical_triangle

Notes
Turn   | Place    | Note
-------+----------+-------------------------------------------
     0 | D:1      | Jackthecabe the Meteoran Earth Elementalist began the quest
                  | for the Orb.
     0 | D:1      | Reached XP level 1. HP: 14/14 MP: 5/5
   155 | D:2      | Reached skill level 3 in Spellcasting
   155 | D:2      | Reached XP level 2. HP: 16/20 MP: 1/7
   183 | D:2      | Reached skill level 4 in Earth Magic
   196 | D:2      | Noticed Jessica
   202 | D:2      | Killed Jessica
   203 | D:2      | Reached skill level 5 in Earth Magic
   203 | D:2      | Reached XP level 3. HP: 26/26 MP: 6/8
   207 | D:2      | Reached XP level 4. HP: 33/33 MP: 6/9
   261 | D:2      | Identified the +0 scimitar of Gozag's Indignation {pain,
                  | Str+3 Dex+4}
   348 | D:2      | Learned a level 3 spell: Stone Arrow
   476 | D:3      | Found a hide-covered altar of Uskayaw.
   521 | D:3      | Noticed Natasha
   525 | D:3      | Killed Natasha
   526 | D:3      | Reached skill level 1 in Conjurations
   526 | D:3      | Reached skill level 6 in Earth Magic
   526 | D:3      | Reached XP level 5. HP: 38/38 MP: 5/10
   563 | D:3      | Reached skill level 2 in Conjurations
   633 | D:4      | Noticed a black bear
   636 | D:4      | Killed a black bear
   637 | D:4      | Reached skill level 4 in Conjurations
   637 | D:4      | Reached XP level 6. HP: 45/45 MP: 4/11
   680 | D:4      | Found a staircase to the Ecumenical Temple.
   708 | Temple   | Entered the Ecumenical Temple
   743 | Temple   | Became a worshipper of Sif Muna the Loreminder
   907 | D:5      | Entered Level 5 of the Dungeon
   926 | D:5      | Noticed an ogre
   939 | D:5      | Killed an ogre
   940 | D:5      | Reached skill level 5 in Conjurations
   940 | D:5      | Reached XP level 7. HP: 50/50 MP: 1/12
   971 | D:5      | Reached skill level 6 in Conjurations
   985 | D:5      | Reached skill level 1 in Fighting
  1046 | D:6      | Reached skill level 2 in Fighting
  1046 | D:6      | Reached skill level 4 in Spellcasting
  1047 | D:6      | Found a runed translucent gate.
  1047 | D:6      | Found a runed translucent gate.
  1052 | D:6      | Found a runed translucent gate.
  1096 | D:5      | Reached skill level 3 in Fighting
  1100 | D:5      | Reached XP level 8. HP: 11/66 MP: 1/15
  1100 | D:5      | HP: 3/66 [sleepcap (8)]
  1102 | D:5      | Slain by a sleepcap

Vanquished Creatures
  A black bear (D:4)
  An ice beast (D:6)
  A centaur (D:5)
  An ogre (D:5)
  A phantom (D:5)
  A scorpion (D:5)
  A jelly (D:5)
  Jessica (D:2)
  Natasha (D:3)
  4 adders
  A shadow imp (D:5)
  2 worms
  3 dart slugs
  2 orcs
  5 endoplasms
  A giant cockroach (D:3)
  5 goblins
  2 hobgoblins (D:2)
  5 ball pythons
  4 bats
  A frilled lizard (D:2)
  4 kobolds
  3 rats
51 creatures vanquished.

Table legend: (Time is in decaauts)
 A = Elapsed time spent in this place.
 B = Non-inter-level travel time spent in this place.
 C = Inter-level travel time spent in this place.
 D = Time resting spent in this place.
 E = Time spent auto-exploring this place.
 F = Levels seen in this place.
 G = Mean time per level.
                   A        B        C        D        E       F      G
               +--------+--------+--------+--------+--------+-----+--------+
         Total |   1131 |    990 |    141 |      0 |      0 |   7 |  161.6 |
       Dungeon |   1082 |    941 |    141 |      0 |      0 |   6 |  180.3 |
        Temple |     48 |     48 |      0 |      0 |      0 |   1 |   48.0 |
               +--------+--------+--------+--------+--------+-----+--------+

Top non-repeatable levels by time:
     D:2: 322 daAuts
     D:4: 285 daAuts
     D:5: 168 daAuts
     D:3: 148 daAuts
     D:1: 128 daAuts
  Temple: 48 daAuts
     D:6: 30 daAuts

Table legend:
 A = Non-vault XP
 B = Vault XP
 C = Vault XP percentage of total XP
 D = Non-vault monster count
 E = Vault monster count
 F = Vault count percentage of total count
                 A         B        C        D         E       F
            +---------+---------+-------+---------+---------+-------
      Total |     621 |     306 |  33.0 |      37 |      14 |  27.5
            +---------+---------+-------+---------+---------+-------
        D:1 |       3 |       0 |   0.0 |       2 |       0 |   0.0
        D:2 |      38 |      48 |  55.8 |       8 |       8 |  50.0
        D:3 |      29 |      36 |  55.4 |      14 |       1 |   6.7
        D:4 |     141 |       0 |   0.0 |       7 |       0 |   0.0
        D:5 |     283 |     222 |  44.0 |       5 |       5 |  50.0
        D:6 |     127 |       0 |   0.0 |       1 |       0 |   0.0
            +---------+---------+-------+---------+---------+-------
